cohdb
Replays
Latest Replays
All Replays
Popular Replays
Top Player Replays
Match Explorer
How It Works
Community
CoH3 Stats
Reddit
Sign in to upload your games and track your stats! →
Sign in with Steam
Match 46970126
Unlisted
Match 46970126
Overview
Messages
Build Orders
End
Panzergrenadier Squad
Panzergrenadier Squad
250 Light Carrier
Construct Light Support Kompanie
Combat Half-tracks
Construct Mechanized Kompanie
Panzerjäger Squad
Panzerjäger Mechanized Group
Selects Panzerjäger Kommand Battlegroup
Selects GrB 39 Grenade Launcher Requisition
Support Armor Elements
StuG III D Assault Gun
Selects Blockade Equipment
Selects Defensive Positions
Assault Mechanized Group
PutPut-AutistInPerfection
反内卷办公室主任
Azusa
露大人好可爱
0
0
Comments
sign in to comment!
No comments posted yet!